 Dungeon Crawl Stone Soup version 0.21-a0-498-g1b60429 (webtiles) character file.

35 tidbits the Insei (level 3, 34/35 HPs)
             Began as a Gnoll Monk on Nov 24, 2017.
             Quit the game on level 2 of the Dungeon.
             The game lasted 00:01:23 (215 turns).

tidbits the Insei (Gnoll Monk)                       Turns: 215, Time: 00:01:24

Health: 34/35      AC:  6    Str: 13    XL:     3   Next: 33%
Magic:  4/4        EV: 14    Int: 13    God:
Gold:   20         SH:  0    Dex: 17    Spells: 3/3 levels left

rFire    . . .     SeeInvis .     - Unarmed
rCold    . . .     Gourm    .   (no shield)
rNeg     . . .     Faith    .   c - +0 ring mail
rPois    .         Spirit   .   (no helmet)
rElec    .         Reflect  .   d - +0 cloak
rCorr    .         Harm     .   (no gloves)
MR       .....                  (no boots)
Stlth    ++........             (no amulet)
HPRegen  0.11/turn              (no ring)
MPRegen  0.09/turn              (no ring)

@: no status effects
A: distributed training, fangs 1, strong nose
a: no special abilities


You were on level 2 of the Dungeon.
You were not hungry.

You visited 1 branch of the dungeon, and saw 3 of its levels.

You collected 20 gold pieces.

Inventory:

Missiles
 g - 8 tomahawks (quivered)
 h - 19 arrows
Armour
 a - a +0 robe
 c - a +0 ring mail (worn)
 d - a +0 cloak (worn)
Scrolls
 e - 3 scrolls of identify {unknown}
 f - a scroll of enchant weapon {unknown}
 j - a scroll of fear {unknown}
Comestibles
 b - a bread ration
 i - a royal jelly


   Skills:
 + Level 6.5 Fighting
 + Level 0.7 Short Blades
 + Level 0.7 Long Blades
 + Level 0.7 Axes
 + Level 0.7 Maces & Flails
 + Level 0.7 Polearms
 + Level 0.7 Staves
 + Level 0.7 Slings
 + Level 0.7 Bows
 + Level 0.7 Crossbows
 + Level 0.7 Throwing
 + Level 0.7 Armour
 + Level 6.5 Dodging
 + Level 4.1 Stealth
 + Level 0.7 Shields
 + Level 6.5 Unarmed Combat
 + Level 0.7 Spellcasting
 + Level 0.5 Conjurations
 + Level 0.5 Hexes
 + Level 0.5 Charms
 + Level 0.5 Summonings
 + Level 0.5 Necromancy
 + Level 0.5 Translocations
 + Level 0.5 Transmutations
 + Level 0.5 Fire Magic
 + Level 0.5 Ice Magic
 + Level 0.5 Air Magic
 + Level 0.5 Earth Magic
 + Level 0.5 Poison Magic
 + Level 0.9 Invocations
 + Level 0.7 Evocations


You had 3 spell levels left.
You didn't know any spells.

Dungeon Overview and Level Annotations

Branches:
Dungeon (3/15)

Altars:
Xom


Innate Abilities, Weirdness & Mutations

Your experience applies equally to all skills.
You have very sharp teeth.
Your uncanny sense of smell can sniff out nearby items.


Message History

You punch the bat!
You kill the bat!
You see here a club.
There is a stone staircase leading down here.
You climb downwards. 2 adders, a rat, a quokka and 5 orcs come into view.
Found 12 gold pieces and 4 stones.
There is a stone staircase leading up here.
The helpless orc fails to defend itself.
You hit the orc.
The orc is moderately wounded.
The orc shouts! x2
The quokka barely misses you. The orc closely misses you.
The quokka misses you.
You climb upwards.
There is a stone staircase leading down here.
The quokka barely misses you.
You hit the orc.
The orc is severely wounded.
The orc barely misses you.
You punch the orc!
You kill the orc!
You hit the quokka.
The quokka is lightly wounded.
The quokka closely misses you.
You barely miss the quokka. The quokka closely misses you.
You miss the quokka. The quokka barely misses you.
You closely miss the quokka. You bite the quokka, but do no damage.
The quokka twitches its whiskers.
The quokka barely misses you. The quokka closely misses you.
You closely miss the quokka. The quokka barely misses you.
You barely miss the quokka. You bite the quokka, but do no damage.
The quokka closely misses you.
You punch the quokka!
You kill the quokka!
Items here: ) [ †† a short sword; a leather armour; a quokka corpse; an orc corpse
There is a stone staircase leading down here.
Found 14 stones and a runed dagger.
A goblin comes into view.
Found a scroll labeled BUN LOZEUMI.
You enter the shallow water.
Moving in this stuff is going to be slow.
A frilled lizard and a goblin come into view.
The frilled lizard hisses angrily.
A frilled lizard and an adder come into view.
A goblin comes into view.
A giant cockroach comes into view.
The goblin shouts! x2
The giant cockroach moves out of view.
Found a shimmering altar of Xom.
You see here 14 stones.
You miss the goblin. The goblin barely misses you.
You punch the goblin!
You kill the goblin!
The goblin hits you but does no damage.
The frilled lizard hisses angrily.
You punch the goblin!
You kill the goblin!
You enter the shallow water.
Moving in this stuff is going to be slow.
The frilled lizard bites you. The frilled lizard closely misses you.
The frilled lizard bites you but does no damage.
You hit the frilled lizard but do no damage.
The frilled lizard closely misses you. The giant cockroach barely misses you.
You punch the giant cockroach!
You kill the giant cockroach!
You hit the frilled lizard.
You kill the frilled lizard!
You have reached level 3!
Your experience leads to an increase in your attributes!
Increase (S)trength, (I)ntelligence, or (D)exterity?
You feel clever.
You punch the adder! Your bite misses the adder.
The adder is severely wounded.
The adder completely misses you.
You hit the adder but do no damage.
The adder is severely wounded.
The adder misses you.
You punch the adder!
You kill the adder!
You punch the goblin!
You kill the goblin!
You closely miss the frilled lizard. You punch the frilled lizard!
You kill the frilled lizard!
Items here: †††† a goblin corpse; an adder corpse; a frilled lizard corpse a giant cockroach corpse Why would you want to do that?
Unknown command.
You enter the shallow water.
Moving in this stuff is going to be slow.
You see here 14 stones.
You enter the shallow water.
Moving in this stuff is going to be slow.
Found a gold piece.
There is a shimmering altar of Xom here.
Are you sure you want to abandon this character and quit the game? (Confirm with "yes".)

........................>.#
#######.#......##########.##
#.#......###≈#≈.###..#
#####.#......#####≈.≈###.#
#.....#.....###⌠..#≈^≈##.#
#...........##≈#≈^#.≈≈##.#
#r..........##..≈#⌠###.#.#
####+##.....##≈#..≈≈..?#.#
###.####@..≈..#####.#
#....######.#..#.≈#†#
#.#...##...≈.#.≈#...#
#.#.#..##.#...†(≈≈###
#...<.###.#..≈)##.#
.....#.######.⌠.###≈.#
.......)# #.≈.###.≈.##
.######## #...$ ⌠...⌠# ###.
.#).##


There were no monsters in sight!

Vanquished Creatures
  2 adders (D:2)
  A dart slug (D:2)
  An orc (D:2)
  A giant cockroach (D:2)
  3 goblins (D:2)
  A hobgoblin (D:2)
  A quokka (D:2)
  A bat (D:2)
  3 frilled lizards
14 creatures vanquished.

Notes
Turn   | Place    | Note
-------+----------+-------------------------------------------
     0 | D:1      | tidbits the Gnoll Monk began the quest for the Orb.
     0 | D:1      | Reached XP level 1. HP: 23/23 MP: 1/1
   139 | D:2      | Reached XP level 2. HP: 23/29 MP: 2/2
   185 | D:2      | Found a shimmering altar of Xom.
   196 | D:2      | Reached XP level 3. HP: 31/35 MP: 3/3
   215 | D:2      | Quit the game

Vault maps used:
D:1:      saegor_arrival_simple_e
D:2:      tgw_xom, nicolae_ru_sacrificial_ziggurat, uniq_jessica

Action                   || total
-------------------------++-------
Melee: Unarmed           ||    47
       Bite              ||     4
 Stab: Sleeping          ||     1
Armor: Ring mail         ||     7
Dodge: Dodged            ||    38

Table legend:
 A = Spawn XP
 B = Non-spawn XP
 C = Spawn XP percentage of total XP
 D = Spawn monster count
 E = Non-spawn monster count
 F = Spawn count percentage of total count
 G = Total turns spent on level
                    A         B        C        D         E        F      G
               +---------+---------+-------+---------+---------+-------+---------
         Total |       0 |      50 |   0.0 |       0 |      14 |   0.0 |   215
               +---------+---------+-------+---------+---------+-------+---------
           D:1 |       0 |       1 |   0.0 |       0 |       1 |   0.0 |    65
           D:2 |       0 |      49 |   0.0 |       0 |      13 |   0.0 |   147
               +---------+---------+-------+---------+---------+-------+---------

Table legend:
 A = Turns spent in this place as a percentage of turns spent in the entire game.
 B = Non-inter-level travel turns spent in this place as a percentage of non-inter-level travel turns spent in the entire game.
 C = Inter-level travel turns spent in this place as a percentage of turns spent in this place.
 D = Turns resting spent in this place as a percentage of non-inter-level travel turns spent in this place.
 E = Turns spent auto-exploring this place as a percentage of non-inter-level travel turns spent in this place.
 F = Non-inter-level travel turns spent in this place divided by the number of levels of this place that you've seen.
                   A       B       C       D       E      F
               +-------+-------+-------+-------+-------+----------------------
         Total | 100.0 | 100.0 |   0.0 |   0.0 |   0.0 |  71.7
       Dungeon | 100.0 | 100.0 |   0.0 |   0.0 |   0.0 |  71.7
               +-------+-------+-------+-------+-------+----------------------

Table legend:
 A = Kills in this place as a percentage of kills in entire the game.
 B = Kills by you in this place as a percentage of kills by you in the entire game.
 C = Kills by friends in this place as a percentage of kills by friends in the entire game.
 D = Other kills in this place as a percentage of other kills in the entire game.
 E = Experience gained in this place as a percentage of experience gained in the entire game.
 F = Experience gained in this place divided by the number of levels of this place that you have seen.
                   A       B       C       D       E      F
               +-------+-------+-------+-------+-------+----------------------
         Total | 100.0 | 100.0 |   N/A |   N/A | 100.0 |  16.7
       Dungeon | 100.0 | 100.0 |   N/A |   N/A | 100.0 |  16.7
               +-------+-------+-------+-------+-------+----------------------

Vault maps used:
D:1:      saegor_arrival_simple_e
D:2:      tgw_xom, nicolae_ru_sacrificial_ziggurat, uniq_jessica
